 Dungeon Crawl Stone Soup version 0.24.0-123-gd5b16e6ec5 (webtiles) character file.

Game seed: 16725851799546765796, levelgen mode: deterministic

5678 FishyPogo the Arsonist (level 10, -2/77 HPs)
             Began as a Demonspawn Fire Elementalist on Dec 29, 2019.
             Was an Elder of Nemelex Xobeh.
             Slain by Gastronok (26 damage)
             ... on level 8 of the Dungeon.
             The game lasted 00:33:42 (7218 turns).

FishyPogo the Arsonist (DsFE)                       Turns: 7218, Time: 00:33:42

Health: -2/77      AC: 22    Str: 11    XL:     10   Next: 47%
Magic:  16/16      EV:  7    Int: 20    God:    Nemelex Xobeh [****..]
Gold:   431        SH:  5    Dex: 17    Spells: 6/17 levels left

rFire    + + .     SeeInvis .   x - +10 hand axe "Lekkexko" {chop, Int+4 Dex+2}
rCold    x . .     Gourm    +   w - +0 buckler
rNeg     . . .     Faith    .   E - +2 chain mail {rF+}
rPois    +         Spirit   .   N - +2 hat
rElec    .         Reflect  .   (no cloak)
rCorr    .         Harm     .   (no gloves)
MR       .....                  t - +1 pair of boots
Stlth    ..........             u - amulet of the gourmand
HPRegen  0.22/turn              g - ring of poison resistance
MPRegen  0.15/turn              I - ring of fire

@: sanguine armour, hasted, studying Fire Magic, very quick
A: antennae 1, spiny 2, rot immunity, sanguine armour 1
a: Draw Escape, Draw Destruction, Draw Summoning, Triple Draw, Deal Four,
Renounce Religion


You were on level 8 of the Dungeon.
You worshipped Nemelex Xobeh.
Nemelex Xobeh was greatly pleased with you.
You were completely stuffed.

You visited 1 branch of the dungeon, and saw 10 of its levels.

You collected 443 gold pieces.
You spent 12 gold pieces at shops.

Inventory:

Hand Weapons
 b - a +0 dagger of electrocution
 x - the +10 hand axe "Lekkexko" (weapon) {chop, Int+4 Dex+2}
   (You found it on level 7 of the Dungeon)

   It inflicts extra damage upon your enemies.
   It affects your intelligence (+4).
   It affects your dexterity (+2).
 L - a -3 falchion
Missiles
 f - 5 silver boomerangs
 h - 195 stones (quivered)
 y - 2 throwing nets
 B - 24 boomerangs
 D - 3 curare-tipped darts
Armour
 a - a +0 robe
 t - a +1 pair of boots (worn)
 w - a +0 buckler (worn)
 E - a +2 chain mail of fire resistance (worn)
 N - a +2 hat (worn)
Jewellery
 g - a ring of poison resistance (left hand)
 n - a +3 ring of evasion
 u - an amulet of the gourmand (around neck)
 I - a ring of fire (right hand)
Wands
 q - a wand of iceblast (6)
 G - a wand of flame (18)
 H - a wand of polymorph (7)
 M - a wand of paralysis (9)
Scrolls
 e - a scroll of noise {unknown}
 i - 4 scrolls of remove curse
 j - 8 scrolls of identify {unknown}
 l - a scroll of immolation {unknown}
 m - a scroll of amnesia
 p - 4 scrolls of teleportation
 r - 2 scrolls of fear {unknown}
 C - a scroll of enchant weapon {unknown}
 J - 2 scrolls of vulnerability {unknown}
 K - a scroll of acquirement {unknown}
 O - a scroll of magic mapping {unknown}
Potions
 d - 2 potions of curing
 k - 3 potions of flight {unknown}
 o - a potion of haste
 v - a potion of lignification {unknown}
 z - 2 potions of ambrosia {unknown}
Books
 A - a manual of Fire Magic
Comestibles
 c - 17 rations
 s - 3 chunks of flesh


   Skills:
 + Level 6.6 Fighting
 + Level 3.3 Axes
 * Level 4.9 Armour
 - Level 5.0 Dodging
 - Level 2.0 Stealth
 - Level 4.0 Shields
 - Level 4.0 Spellcasting
 - Level 3.0 Conjurations
 + Level 11.1 Fire Magic
 - Level 4.0 Invocations


You had 6 spell levels left.
You knew the following spells:

 Your Spells              Type           Power        Failure   Level  Hunger
a - Flame Tongue          Conj/Fire      #####        28%         1    None
b - Throw Flame           Conj/Fire      #####.       38%         2    #......
c - Corona                Hex            #......      99%         1    None
j - Conjure Flame         Conj/Fire      #####...     63%         3    ###....
p - Sticky Flame          Conj/Fire      #####...     95%         4    ####...

Your spell library contained the following spells:

 Spells                   Type           Power        Failure   Level  Hunger
 Inner Flame              Hex/Fire       #####...     85%         3    ###....
 Ensorcelled Hibernation  Hex/Ice        #.....       100%        2    #......
 Confuse                  Hex            #.......     100%        3    ###....
 Dazzling Spray           Conj/Hex       ##....       100%        3    ###....
 Tukima's Dance           Hex            #.......     100%        3    ###....
 Fireball                 Conj/Fire      #####.....   100%        5    ######.


Dungeon Overview and Level Annotations

Branches:
Dungeon (10/15)            Temple (0/1) D:5            Lair (0/6) D:8
    Orc: D:9-12

Altars:
Elyvilon
Gozag
Nemelex Xobeh
Qazlal
Sif Muna
Trog
Wu Jian
Xom

Shops:
D:7 ((!:}

Annotations:
D:8 Gastronok


Innate Abilities, Weirdness & Mutations

You have a pair of small antennae on your head.
You are mostly covered in sharp spines.
You are immune to rotting.
When seriously injured, your bleeding wounds create armour. (AC +6)


Message History

Gastronok bites you!!
* * * LOW HITPOINT WARNING * * *
Found a helmet and 8 gold pieces.
You hit Gastronok.
Gastronok is lightly wounded.
You hit Gastronok.
Gastronok is lightly wounded.
You block Gastronok's attack.
You feel yourself speed up.
You hit Gastronok.
Gastronok is lightly wounded.
Gastronok barely misses you.
You hit Gastronok.
Gastronok is lightly wounded.
It was a potion of curing.
You feel better.
You hit Gastronok.
Gastronok is lightly wounded.
Gastronok bites you!!
You die...
Your body glows with a rainbow of weird colours and disappears.

#.# ..# #>##... #.
#.##..# #.# #..##.
#..##.# #)####..#.
#####†...####.).##....
##..........##...# #...
##................# #...
#.................# #>..
#.................####..
.###.?@###....##.......
#....w##....##.###...
#..!.P..#....##.# #.#.
#..P..P.#...###.# #.#.
#............# #.# #.#.
#.......[.##.# #.# #.#.
#.....>..... .# #.# #.#.
#$.........#. #. #.#


You could see Gastronok.

Vanquished Creatures
  A two-headed ogre (D:9)
  A troll (D:10)
  Prince Ribbit (D:6)
  2 hornets (D:8)
  A hippogriff (D:8)
  Sigmund (D:6)
  A yak (D:8)
  A basilisk (D:8)
  A soldier ant (D:8)
  Edmund (D:6)
  2 ice beasts
  An orc warrior (D:10)
  A black bear (D:5)
  A hornet zombie (D:10)
  2 sky beasts
  3 phantoms
  A crocodile (D:8)
  2 ogres
  3 centaurs
  2 big kobolds (D:3)
  3 bullfrogs
  4 scorpions
  2 killer bees (D:10)
  6 wights
  A howler monkey (D:5)
  6 crimson imps
  A bullfrog zombie (D:5)
  5 orc priests
  7 hounds
  5 worker ants
  4 orc wizards
  A killer bee zombie (D:6)
  A hound zombie (D:5)
  A hound skeleton (D:10)
  2 worker ant zombies
  Robin (D:3)
  A howler monkey zombie (D:5)
  7 adders
  5 gnolls
  A shadow imp (D:10)
  An ooze (D:3)
  2 adder zombies (D:5)
  2 adder skeletons
  2 worms
  2 dart slugs
  A leopard gecko (D:5)
  23 orcs
  4 giant cockroaches
  17 goblins
  6 hobgoblins
  11 jackals
  14 kobolds
  3 quokkas
  2 ball pythons
  7 bats
  3 frilled lizards
  2 quokka skeletons
  5 rats
200 creatures vanquished.

Vanquished Creatures (collateral kills)
  A kobold (D:3)
1 creature vanquished.

Grand Total: 201 creatures vanquished

Notes
Turn   | Place    | Note
-------+----------+-------------------------------------------
     0 | D:1      | FishyPogo the Demonspawn Fire Elementalist began the quest
                  | for the Orb.
     0 | D:1      | Reached XP level 1. HP: 13/13 MP: 3/3
   265 | D:1      | Reached skill level 1 in Fighting
   265 | D:1      | Gained mutation: You have a pair of small antennae on your
                  | head. [demonic ancestry]
   265 | D:1      | Reached XP level 2. HP: 12/21 MP: 0/5
   340 | D:1      | Learned a level 2 spell: Throw Flame
   716 | D:1      | Gained mutation: You are immune to rotting. [demonic
                  | ancestry]
   716 | D:1      | Reached XP level 3. HP: 26/26 MP: 3/6
  1093 | D:2      | Found a faded altar of an unknown god.
  1106 | D:2      | Became a worshipper of Nemelex Xobeh the Trickster
  1106 | D:2      | Received a gift from Nemelex Xobeh
  1106 | D:2      | Reached * piety under Nemelex Xobeh
  1433 | D:3      | Found an ornate altar of the Wu Jian Council.
  1505 | D:3      | Reached skill level 1 in Armour
  1505 | D:3      | Gained mutation: When seriously injured, your bleeding
                  | wounds create armour. (AC +6) [demonic ancestry]
  1505 | D:3      | Reached XP level 4. HP: 33/33 MP: 4/7
  1522 | D:3      | Reached skill level 3 in Fire Magic
  1598 | D:3      | Noticed Robin
  1871 | D:3      | Reached ** piety under Nemelex Xobeh
  1904 | D:3      | Noticed a big kobold
  1905 | D:3      | Noticed a big kobold
  2039 | D:3      | Received a gift from Nemelex Xobeh
  2371 | D:3      | Killed a big kobold
  2371 | D:3      | Reached skill level 1 in Invocations
  2371 | D:3      | Gained mutation: You are partially covered in sharp spines.
                  | [demonic ancestry]
  2371 | D:3      | Reached XP level 5. HP: 22/39 MP: 8/8
  2436 | D:3      | Killed Robin
  2623 | D:4      | Noticed an ogre
  2628 | D:4      | Noticed a phantom
  2630 | D:4      | Killed an ogre
  2630 | D:4      | Gained mutation: You are mostly covered in sharp spines.
                  | [demonic ancestry]
  2630 | D:4      | Reached XP level 6. HP: 25/47 MP: 2/9
  2824 | D:4      | Received a gift from Nemelex Xobeh
  2897 | D:4      | Found an opulent altar of Gozag.
  3051 | D:4      | Found a shimmering altar of Xom.
  3112 | D:4      | Found a shimmering blue altar of Sif Muna.
  3158 | D:5      | Entered Level 5 of the Dungeon
  3173 | D:5      | Reached XP level 7. HP: 54/54 MP: 3/10
  3317 | D:5      | Reached skill level 1 in Shields
  3364 | D:5      | Learned a level 3 spell: Conjure Flame
  3437 | D:5      | Reached *** piety under Nemelex Xobeh
  3452 | D:5      | Received a gift from Nemelex Xobeh
  3477 | D:5      | Found a staircase to the Ecumenical Temple.
  3933 | D:5      | Reached XP level 8. HP: 61/61 MP: 4/11
  3968 | D:5      | Reached skill level 4 in Fire Magic
  4053 | D:5      | Received a gift from Nemelex Xobeh
  4089 | D:5      | Reached skill level 5 in Fighting
  4486 | D:6      | Reached skill level 5 in Fire Magic
  4666 | D:6      | Noticed Prince Ribbit
  4691 | D:6      | Reached skill level 6 in Fire Magic
  4734 | D:6      | Killed Prince Ribbit
  4734 | D:6      | Reached XP level 9. HP: 17/68 MP: 3/12
  4917 | D:6      | Found a stormy altar of Qazlal.
  4952 | D:6      | Learned a level 4 spell: Sticky Flame
  5087 | D:6      | Noticed Sigmund
  5094 | D:6      | Killed Sigmund
  5094 | D:6      | Reached skill level 7 in Fire Magic
  5154 | D:6      | Learned a level 1 spell: Corona
  5367 | D:6      | Noticed Edmund
  5385 | D:6      | Killed Edmund
  5385 | D:6      | Reached skill level 5 in Dodging
  5385 | D:6      | Reached skill level 8 in Fire Magic
  5621 | D:7      | Found a bloodstained altar of Trog.
  5644 | D:7      | Reached **** piety under Nemelex Xobeh
  5716 | D:7      | Reached skill level 9 in Fire Magic
  5761 | D:7      | Found Diacze's Gadget Shop.
  5765 | D:7      | Got a fine hand axe
  5766 | D:7      | Identified the +10 hand axe "Lekkexko" {chop, Int+4 Dex+2}
                  | (You found it on level 7 of the Dungeon)
  5803 | D:7      | Found Vaitwue's Book Shoppe.
  5822 | D:7      | Found Coat's Distillery.
  5827 | D:7      | Bought a potion of degeneration for 12 gold pieces
  5831 | D:7      | Found an opulent altar of Gozag.
  5960 | D:7      | Found Qaesuej's Weapon Emporium.
  6003 | D:7      | Received a gift from Nemelex Xobeh
  6052 | D:7      | Found Biddittu's Antique Weapon Shoppe.
  6494 | D:8      | You fall into a shaft and drop 2 floors!
  6494 | D:10     | Entered Level 10 of the Dungeon
  6494 | D:10     | Noticed a troll
  6519 | D:10     | Killed a troll
  6519 | D:10     | Reached skill level 1 in Axes
  6542 | D:10     | Reached skill level 10 in Fire Magic
  6663 | D:10     | Found a white marble altar of Elyvilon.
  6710 | D:10     | Noticed a komodo dragon
  6854 | D:9      | Received a gift from Nemelex Xobeh
  6870 | D:9      | Noticed a two-headed ogre
  6879 | D:9      | Killed a two-headed ogre
  6879 | D:9      | Reached XP level 10. HP: 74/76 MP: 0/15
  6903 | D:8      | Noticed Gastronok
  6928 | D:8      | Noticed a seven-headed hydra
  7061 | D:8      | Reached skill level 11 in Fire Magic
  7173 | D:8      | Found a staircase to the Lair.
  7218 | D:8      | Slain by Gastronok

Levels and vault maps discovered:
D:1:      zelgadis_glass_arrival_small, layout_basic, minmay_statues_item,
          st_stairs_3
D:2:      layout_basic, chequers_ecumenical_altar_island, minmay_pentomino_q2
D:3:      cheibrodos_thug_alley, layout_loops_corners, lemuel_crystal_altar,
          first_ration, minmay_misc_feat_hallway, uniq_robin
D:4:      layout_gridville, kennysheep_mini, nicolae_overflow_crystal_walls,
          led_sif_pool
D:5:      minmay_inner_zag, layout_basic, minmay_temple_entry_sparse_star,
          minmay_manual_mares
D:6:      layout_basic, old_standard_altar, uniq_edmund, uniq_sigmund,
          uniq_prince_ribbit1
D:7:      layout_cave_pods, lemuel_doored_altar, basic_altar, serial_shops,
          shop, shop, nicolae_shop_stone, shop, nicolae_shop_behind_doors
D:8:      minmay_cut_squares, layout_rooms, david_lair_generic,
          hangedman_pestilent_swarm, uniq_gastronok
D:9:      layout_loops_cross, lemuel_mausoleum_altar_yredelemnul, serial_shops,
          shop, jiyva_altar_1, uniq_grum
D:10:     layout_rooms, basic_altar

Skill      XL: |  1  2  3  4  5  6  7  8  9 10 |
---------------+-------------------------------+-----
Fighting       | 1 2 3 4 5 6 |  6.6
Stealth        | 2 |  2.0
Dodging        | 2 3 4 5 |  5.0
Conjurations   | 2 3 |  3.0
Armour         | 1 2 3 4 |  4.9
Fire Magic     | 3 6 10 11 | 11.1
Invocations    | 1 2 3 4 |  4.0
Shields        | 2 4 |  4.0
Axes           | 2 3 |  3.3
Spellcasting   | 3 4 |  4.0

Action                   |  1- 3 |  4- 6 |  7- 9 | 10-12 || total
-------------------------+-------+-------+-------+-------++-------
Melee: Dagger            |    32 |    62 |   135 |       ||   229
       Hand axe          |       |       |    27 |    47 ||    74
       Unarmed           |       |       |     2 |       ||     2
Throw: Stone             |       |     1 |     3 |       ||     4
 Cast: Flame Tongue      |    45 |    49 |   118 |    15 ||   227
       Throw Flame       |     8 |    19 |    43 |       ||    70
       Conjure Flame     |       |       |     5 |       ||     5
       Sticky Flame      |       |       |     4 |       ||     4
 Abil: Draw Destruction  |       |     4 |     4 |     1 ||     9
       Draw Summoning    |       |     1 |       |       ||     1
  Use: Potion            |       |       |     3 |     2 ||     5
       Scroll            |       |       |     3 |     1 ||     4
 Stab: Sleeping          |     2 |       |     4 |       ||     6
  Eat: Chunk             |     3 |     8 |    28 |     1 ||    40
Armor: Robe              |    15 |     6 |    29 |       ||    50
       Chain mail        |       |       |       |    27 ||    27
Dodge: Dodged            |    45 |    47 |   123 |    12 ||   227
Block: Buckler           |       |       |    28 |     6 ||    34
